 Dungeon Crawl Stone Soup version 0.21.1-1-g345015fe64 (webtiles) character file.

87 Oravi the Insei (level 4, -1/32 HPs)
             Began as a Merfolk Transmuter on Apr 29, 2018.
             Succumbed to an adder's poison
             ... on level 2 of the Dungeon.
             The game lasted 00:07:56 (1729 turns).

Oravi the Insei (Merfolk Transmuter)                Turns: 1729, Time: 00:07:56

Health: -1/32      AC:  2    Str: 10    XL:     4   Next: 51%
Magic:  2/7        EV: 13    Int: 13    God:
Gold:   128        SH:  0    Dex: 14    Spells: 1/7 levels left

rFire    . . .     SeeInvis .     - Unarmed
rCold    . . .     Gourm    .   (no shield)
rNeg     . . .     Faith    .   b - +0 robe
rPois    .         Spirit   .   (no helmet)
rElec    .         Reflect  .   (no cloak)
rCorr    .         Harm     .   (no gloves)
MR       .....                  (no boots)
Stlth    +.........             (no amulet)
HPRegen  0.10/turn              (no ring)
MPRegen  0.10/turn              (no ring)

@: lethally poisoned (-1 -> -17), appendage, very slightly contaminated
A: change form in water, swift swim, stealthy swim, horns 2
a: End Transformation


You were on level 2 of the Dungeon.
You were hungry.
You had grown temporary horns.
You visited 1 branch of the dungeon, and saw 2 of its levels.

You collected 128 gold pieces.

Inventory:

Missiles
 a - 38 arrows
 k - 16 javelins (quivered)
 l - 77 stones
Armour
 b - a +0 robe (worn)
Jewellery
 i - a +4 amulet of reflection {unknown}
Scrolls
 e - 2 scrolls of blinking {unknown}
 g - 3 scrolls of magic mapping {unknown}
 h - a scroll of remove curse {unknown}
 j - a scroll of identify {unknown}
 m - 2 scrolls of teleportation {unknown}
Books
 c - a book of Changes

   Spells                             Type                      Level
   a - Beastly Appendage              Transmutation                1
   b - Sticks to Snakes               Transmutation                2
   c - Spider Form                    Transmutation/Poison         3
   d - Ice Form                       Ice/Transmutation            4
   e - Blade Hands                    Transmutation                5
Comestibles
 d - 4 rations


   Skills:
 - Level 1.1 Fighting
 - Level 2.6 Dodging
 + Level 4.4 Unarmed Combat
 - Level 2.0 Spellcasting
 + Level 4.4 Transmutations
 + Level 1.4 Poison Magic


You had one spell level left.
You knew the following spells:

 Your Spells              Type           Power        Failure   Level  Hunger
a - Beastly Appendage     Tmut           ##....       4%          1    ##.....
b - Sticks to Snakes      Tmut           ##......     6%          2    ###....
c - Spider Form           Tmut/Pois      #.........   22%         3    ####...


Dungeon Overview and Level Annotations

Branches:
Dungeon (2/15)

Altars:

Annotations:
D:2 Sigmund


Innate Abilities, Weirdness & Mutations

You revert to your normal form in water.
You are very nimble and swift while swimming.
You are very stealthy in the water. (Stealth+)
You have a pair of horns on your head.


Message History

The adder misses you. The adder bites you.
* * * LOW HITPOINT WARNING * * *
You are lethally poisoned!
The adder poisons you!
You miss the adder.
The adder is heavily wounded.
* * * LOW HITPOINT WARNING * * *
You feel sick. The adder bites you.
* * * LOW HITPOINT WARNING * * *
You are more poisoned.
The adder poisons you!
You barely miss the adder.
You kill the adder!
* * * LOW HITPOINT WARNING * * *
You feel sick.
* * * LOW HITPOINT WARNING * * *
You feel sick.
Things that are here:
a dagger; an adder corpse; a kobold skeleton You die...

..## ##....##.# .....
###.....#.# ......
#.....#(..## .
......###.##.####.)## ..
....................# ..
......##########..#......
..... #.)###.#.#. #...#
#..##...... .#. +@...# >#
#.# +).##...... #.# #<.#
#.#.#. #. #.## #..# .....
^.. ...##### ###..###.#.#
#.# .......# #..###
........
....##.########.##
##.#.#.#
............[....###......
..........###.....###.#.#


There were no monsters in sight!

Vanquished Creatures
  2 adders (D:2)
  A gnoll (D:1)
  3 dart slugs
  A worm (D:2)
  2 leopard geckos
  7 bats
  2 giant cockroaches (D:1)
  4 goblins (D:1)
  8 hobgoblins
  7 kobolds
  A quokka (D:2)
  A ball python (D:1)
  3 frilled lizards
  5 rats
47 creatures vanquished.

Notes
Turn   | Place    | Note
-------+----------+-------------------------------------------
     0 | D:1      | Oravi the Merfolk Transmuter began the quest for the Orb.
     0 | D:1      | Reached XP level 1. HP: 15/15 MP: 3/3
   183 | D:1      | Reached XP level 2. HP: 21/21 MP: 3/5
   210 | D:1      | Reached XP level 3. HP: 16/26 MP: 4/6
   448 | D:1      | Learned a level 2 spell: Sticks to Snakes
   452 | D:1      | Learned a level 3 spell: Spider Form
  1021 | D:2      | Noticed Sigmund
  1315 | D:2      | Reached XP level 4. HP: 31/32 MP: 7/7
  1332 | D:2      | Reached skill level 1 in Poison Magic
  1728 | D:2      | HP: 1/32 [poisoned by an adder]
  1729 | D:2      | Succumbed to an adder's poison

Skill      XL: |  1  2  3  4 |
---------------+-------------+-----
Transmutations | 3 4 |  4.4
Unarmed Combat | 4 |  4.4
Poison Magic   | 1 |  1.4
Fighting       | |  1.1
Dodging        | |  2.6
Spellcasting   | |  2.0

Action                   |  1- 3 |  4- 6 || total
-------------------------+-------+-------++-------
Melee: Unarmed           |    84 |    24 ||   108
       Headbutt          |    10 |     2 ||    12
       Punch             |     1 |       ||     1
Throw: Javelin           |    10 |     5 ||    15
       Stone             |     2 |       ||     2
 Cast: Beastly Appendage |    14 |     1 ||    15
       Spider Form       |     1 |     2 ||     3
  Eat: Chunk             |     2 |     1 ||     3
Armor: Robe              |    10 |       ||    10
Dodge: Dodged            |    92 |    14 ||   106
